 Dungeon Crawl Stone Soup version 0.30-a0-743-gbfdf073431 (console) character file.

Game seed: 4225745414612020120

133 RBrandon the Magician (level 4, -5/27 (34) HPs)
             Began as a Mummy Reaver on Feb 5, 2023.
             Slain by an ogre
             ... wielding a +0 giant club
              (16 damage)
             ... on level 4 of the Dungeon.
             The game lasted 00:08:52 (2815 turns).

RBrandon the Magician (Mummy Reaver)                Turns: 2815, Time: 00:08:52

HP:   -5/27 (34)    AC:  5    Str: 15    XL:     4   Next: 94%
MP:   0/9           EV: 10    Int: 14    God:
Gold: 185           SH:  0    Dex: 10    Spells: 4/10 levels left

rFire   x . .      SeeInvis .    l - +0 whip (elec)
rCold   + . .      Faith    +    (no shield)
rNeg    + + +      Spirit   .    j - +0 ring mail
rPois   ∞          Reflect  .    (no helmet)
rElec   .          Harm     .    (no cloak)
rCorr   .          Rampage  .    (no gloves)
Will    .....                    (no boots) Stlth
                                 (no amulet)
HPRegen 0.24/turn                (no ring)
MPRegen 0.11/turn                (no ring)

@: immotile, very slightly contaminated, heavily drained
A: cold resistance 1, negative energy resistance 3, torment resistance 2, heat
vulnerability 1, in touch with death 1, no potions, faith
a: no special abilities


You were on level 4 of the Dungeon.
You visited 1 branch of the dungeon, and saw 4 of its levels.

You collected 185 gold pieces.

Inventory:

Hand Weapons
 a - a +0 spear
 l - a +0 whip of electrocution (weapon)
   (You found it on level 3 of the Dungeon)
Missiles
 n - a stone
Armour
 b - a +0 leather armour
 j - a +0 ring mail (worn)
Scrolls
 c - 7 scrolls of identify {unknown}
 d - a scroll of enchant armour {unknown}
 e - 4 scrolls of teleportation {unknown}
 f - a scroll of immolation {unknown}
 g - a scroll of blinking {unknown}
 h - a scroll of brand weapon {unknown}
 i - a scroll of noise {unknown}
 k - a scroll of magic mapping {unknown}
 m - a scroll of acquirement {unknown}


   Skills:
 - Level 2.7 Fighting
 - Level 2.4 Polearms
 - Level 1.5 Dodging
 + Level 3.6 Spellcasting
 - Level 3.5 Conjurations
 - Level 1.5 Translocations


You had 4 spell levels left.
You knew the following spells:

 Your Spells              Type           Power      Damage    Failure   Level
a - Kiss of Death         Conj/Necr      44%        2d8       19%         1
b - Momentum Strike       Conj/Tloc      18%        3d8       22%         2
c - Hailstorm             Conj/Ice       7%         3d4       50%         3

Your spell library contained the following spells:

 Spells                   Type           Power      Damage    Failure   Level


Dungeon Overview and Level Annotations

Branches:
Dungeon (4/15)
 Temple: D:4-7

Altars:
Ashenzari

Shops:
D:4 =

Annotations:
D:4 Robin


Innate Abilities, Weirdness & Mutations

You are immune to poison.
Your flesh is cold resistant. (rC+)
You are immune to negative energy. (rN+++)
You are immune to unholy pain and torment.
You are vulnerable to heat. (rF-)
You are in touch with the powers of death.
You do not drink.
You have a special connection with the divine. (Faith)


Message History

Unknown command.
Casting: Momentum Strike (safe; 22% risk of failure)
Confirm with . or Enter, or press ? or * to list all spells.
The spell is extremely dangerous to miscast (50% risk of failure)!
Continue anyway?
Casting: Hailstorm (extremely dangerous; 50% risk of failure)
Press: ? - help, Dir - look around, f - activate You miscast Hailstorm.
You are very lightly contaminated with residual magic.
Nothing appears to happen.
Casting: Hailstorm (extremely dangerous; 50% risk of failure)
Confirm with . or Enter, or press ? or * to list all spells.
The spell is extremely dangerous to miscast (50% risk of failure)!
Continue anyway?
Casting: Hailstorm (extremely dangerous; 50% risk of failure)
Press: ? - help, Dir - look around, f - activate You miscast Hailstorm.
Nothing appears to happen.
The hobgoblin barely misses you.
Casting: Hailstorm (extremely dangerous; 50% risk of failure)
Confirm with . or Enter, or press ? or * to list all spells.
Aiming: Momentum Strike (safe; 22% risk of failure)
Press: ? - help, Dir - move target, f - ogre
Aim: an ogre, wielding a +0 giant club (85% to hit)
The concentrated momentum hits the ogre!
The ogre is heavily wounded.
You are unable to move.
The ogre hits you with a +0 giant club!
Ouch! That really hurt!
* * * LOW HITPOINT WARNING * * *
The hobgoblin hits you.
* * * LOW HITPOINT WARNING * * *
Unknown command.
Casting: Momentum Strike (safe; 22% risk of failure)
Confirm with . or Enter, or press ? or * to list all spells.
Aiming: Kiss of Death (safe; 19% risk of failure)
Press: ? - help, Shift-Dir - straight line, f/p - ogre
Aim: an ogre, wielding a +0 giant club (heavily wounded, 100% to hit)
You feel a surge of power!
You miscast Kiss of Death.
Nothing appears to happen.
The hobgoblin hits you but does no damage.
The ogre hits you with a +0 giant club!
Ouch! That really hurt!
You die...

#........
+........
####........ .#
##.#.........
... .........!..
...###.#?.......
........gO......
#.#.....@..#
#.#......#......
####.####...#
#.###
............# ..
###........# #
#......#..#
#..<......#
#########.# ..#


You could see an ogre and a hobgoblin.

Vanquished Creatures
  An orc priest (D:3)
  3 adders (D:3)
  A gnoll (D:1)
  A worm (D:2)
  4 dart slugs
  3 orcs (D:3)
  4 ball pythons
  5 bats
  2 endoplasms
  3 giant cockroaches
  3 goblins
  4 hobgoblins
  3 quokkas (D:1)
  7 frilled lizards
  8 kobolds
  5 rats
57 creatures vanquished.

Notes
Turn   | Place    | Note
-------+----------+-------------------------------------------
     0 | D:1      | RBrandon the Mummy Reaver began the quest for the Orb.
     0 | D:1      | Reached XP level 1. HP: 16/16 MP: 4/4
   278 | D:1      | Reached XP level 2. HP: 21/21 MP: 5/5
   281 | D:1      | Learned a level 2 spell: Momentum Strike
   427 | D:1      | Reached skill level 1 in Translocations
   551 | D:1      | Found a faded altar of an unknown god.
   604 | D:1      | Gained mutation: You are in touch with the powers of death.
                  | [Mummy growth]
   604 | D:1      | Reached XP level 3. HP: 14/28 MP: 5/7
   784 | D:1      | Learned a level 3 spell: Hailstorm
  2153 | D:3      | Reached XP level 4. HP: 14/21 MP: 1/8
  2492 | D:3      | Found a broken altar of Ashenzari.
  2496 | D:3      | Saw a vision of the Swamp and the Snake Pit.
  2496 | D:3      | Noticed a bunyip
  2496 | D:3      | Noticed a black mamba
  2496 | D:3      | Noticed a naga warrior
  2496 | D:3      | Noticed a black mamba
  2496 | D:3      | Noticed a black mamba
  2496 | D:3      | Noticed a naga ritualist
  2496 | D:3      | Noticed a shock serpent
  2497 | D:3      | Noticed a bunyip
  2498 | D:3      | Noticed a vampire mosquito
  2498 | D:3      | Noticed a spriggan druid
  2499 | D:3      | Noticed a naga mage
  2499 | D:3      | Noticed an eleionoma
  2762 | D:4      | Noticed Robin
  2762 | D:4      | Found Kifej's Jewellery Boutique.
  2808 | D:4      | Noticed an ogre
  2815 | D:4      | Slain by an ogre

Illustrated notes

Levels and vault maps discovered:
D:1:      heliophobic_arrival_dark_side_of_the_moon, layout_basic,
          hellmonk_ecumenical_altar_prayer_group
D:2:      layout_basic, basic_altar, kennysheep_generic_room_14
D:3:      layout_basic, grunt_ashenzari_visionary
          [grunt_ashenzari_visionary_swamp, grunt_ashenzari_visionary_snake]
D:4:      layout_basic, grunt_temple_overflow_order_and_chaos_2,
          minmay_temple_entry_gardened_gates, nicolae_stop_n_shop_1, uniq_robin,
          uniq_sigmund

Skill      XL: |  1  2  3  4 |
---------------+-------------+-----
Translocations | 1 |  1.5
Conjurations   | 3 |  3.5
Spellcasting   | 3 |  3.6
Fighting       | |  2.7
Polearms       | |  2.4
Dodging        | |  1.5

Action                     |  1- 3 |  4- 6 || total
---------------------------+-------+-------++-------
  Melee: Spear             |   161 |    27 ||   188
         Punch             |     2 |       ||     2
         Whip              |       |    21 ||    21
   Cast: Kiss of Death     |     5 |       ||     5
         Momentum Strike   |     6 |     4 ||    10
 Armour: Leather armour    |    28 |     4 ||    32
         Ring mail         |       |    15 ||    15
  Dodge: Dodged            |    77 |    28 ||   105

Table legend: (Time is in decaauts)
 A = Elapsed time spent in this place.
 B = Non-inter-level travel time spent in this place.
 C = Inter-level travel time spent in this place.
 D = Time resting spent in this place.
 E = Time spent auto-exploring this place.
 F = Levels seen in this place.
 G = Mean time per level.
                   A        B        C        D        E       F      G
               +--------+--------+--------+--------+--------+-----+--------+
         Total |   2812 |   2633 |    179 |    197 |   1880 |   4 |  703.0 |
       Dungeon |   2812 |   2633 |    179 |    197 |   1880 |   4 |  703.0 |
               +--------+--------+--------+--------+--------+-----+--------+

Top non-repeatable levels by time:
     D:1: 1218 daAuts
     D:2: 874 daAuts
     D:3: 690 daAuts
     D:4: 28 daAuts

Table legend:
 A = Kills in this place as a percentage of kills in entire the game.
 B = Kills by you in this place as a percentage of kills by you in the entire game.
 C = Kills by friends in this place as a percentage of kills by friends in the entire game.
 D = Other kills in this place as a percentage of other kills in the entire game.
 E = Experience gained in this place as a percentage of experience gained in the entire game.
 F = Experience gained in this place divided by the number of levels of this place that you have seen.
                   A       B       C       D       E      F
               +-------+-------+-------+-------+-------+----------------------
         Total | 100.0 | 100.0 |   N/A |   N/A | 100.0 |  47.8
       Dungeon | 100.0 | 100.0 |   N/A |   N/A | 100.0 |  47.8
               +-------+-------+-------+-------+-------+----------------------
